 Dungeon Crawl Stone Soup version 0.25-a0-492-g44cc58d149 (webtiles) character file.

Game seed: 14052830643727388241, levelgen mode: deterministic

144 kae the Cutter (level 5, -3/28 HPs)
             Began as a Kobold Enchanter on Feb 11, 2020.
             Slain by a centaur (6 damage)
             ... on level 3 of the Dungeon.
             The game lasted 00:04:25 (3174 turns).

kae the Cutter (Kobold Enchanter)                   Turns: 3174, Time: 00:04:26

Health: -3/28      AC:  3    Str:  5    XL:     5   Next: 51%
Magic:  2/10       EV: 15    Int: 17    God:
Gold:   131        SH:  0    Dex: 16    Spells: 5/11 levels left

rFire    . . .     SeeInvis .   a - +2 dagger
rCold    . . .     Gourm    .   (shield restricted)
rNeg     . . .     Faith    .   b - +1 robe
rPois    .         Spirit   .   (no helmet)
rElec    .         Reflect  .   (no cloak)
rCorr    .         Harm     .   (no gloves)
MR       .....                  (no boots)
Stlth    +++.......             (no amulet)
HPRegen  0.09/turn              (no ring)
MPRegen  0.12/turn              n - ring of flight

@: hasted, very quick
A: small, carnivore
a: Evoke Flight


You were on level 3 of the Dungeon.
You were completely stuffed.

You visited 1 branch of the dungeon, and saw 3 of its levels.

You collected 131 gold pieces.

Inventory:

Hand Weapons
 a - a +2 dagger (weapon)
Armour
 b - a +1 robe (worn)
Jewellery
 m - an uncursed ring of flight
 n - a ring of flight (right hand)
Scrolls
 e - a scroll of noise
Potions
 j - a potion of haste
Comestibles
 c - a chunk of flesh
 d - 3 rations


   Skills:
 * Level 4.2 Short Blades
 - Level 2.4 Dodging
 - Level 4.0 Stealth
 * Level 3.7 Spellcasting
 + Level 3.6 Hexes


You had 5 spell levels left.
You knew the following spells:

 Your Spells              Type           Power        Failure   Level  Hunger
a - Corona                Hex            ###....      3%          1    None
b - Ensorcelled Hibernat  Hex/Ice        #.....       12%         2    ##.....
c - Confusing Touch       Hex            ###.....     11%         3    ###....

Your spell library contained the following spells:

 Spells                   Type           Power        Failure   Level  Hunger
 Tukima's Dance           Hex            ###.....     11%         3    ###....
 Dazzling Flash           Conj/Hex       #.....       22%         3    ###....


Dungeon Overview and Level Annotations

Branches:
Dungeon (3/15)

Altars:
Okawaru
Zin

Annotations:
D:2 1 runed translucent door, Crazy Yiuf, Natasha


Innate Abilities, Weirdness & Mutations

You are small and have problems with some larger weapons.
You are carnivorous and can eat meat at any time.


Message History

The centaur shoots an arrow.
The arrow closely misses you.
You see here an arrow.
The centaur unwields a +0 shortbow.
The centaur hits you.
Casting: Ensorcelled Hibernation (safe; 12% risk of failure)
Confirm with . or Enter, or press ? or * to list all spells.
Aiming: Ensorcelled Hibernation (safe; 12% risk of failure)
Press: ? - help, Shift-Dir - straight line, f - centaur
Aim: a centaur, quivering 20 arrows (chance to defeat MR: 40%)
The centaur resists with some effort.
The centaur hits you!
* * * LOW HITPOINT WARNING * * *
The centaur barely misses you.
Casting: Ensorcelled Hibernation (safe; 12% risk of failure)
Confirm with . or Enter, or press ? or * to list all spells.
Aiming: Ensorcelled Hibernation (safe; 12% risk of failure)
Press: ? - help, Shift-Dir - straight line, f/p - centaur
Aim: a centaur, quivering 20 arrows (chance to defeat MR: 40%)
The centaur resists with some effort.
The centaur hits you.
* * * LOW HITPOINT WARNING * * *
It was a potion of haste.
You feel yourself speed up. The centaur hits you.
You die...

#.##### #.###.#
#.....####.# #.#
#..........# #†#
#.###.########.#
######............#.#
#........####...†(..)#
#..............#...###
#......(..####.#.######
#..........(@c........#
#.......÷#####.#.<###.#
#.........>....#....#
#.................#.#
.......)..####.#.#.#
..........# ....# #
..........# #...##
####$..#..# #... #...
... ....


You could see a centaur.

Vanquished Creatures
  7 adders
  2 oozes (D:1)
  2 worms (D:2)
  4 dart slugs
  2 ball pythons (D:2)
  9 bats
  2 giant cockroaches (D:2)
  9 goblins
  2 hobgoblins (D:1)
  A quokka (D:3)
  9 frilled lizards
  11 kobolds
  9 rats
69 creatures vanquished.

Notes
Turn   | Place    | Note
-------+----------+-------------------------------------------
     0 | D:1      | kae the Kobold Enchanter began the quest for the Orb.
     0 | D:1      | Reached XP level 1. HP: 10/10 MP: 3/3
    44 | D:1      | Reached XP level 2. HP: 6/15 MP: 1/5
   216 | D:1      | Learned a level 2 spell: Ensorcelled Hibernation
   508 | D:1      | Reached XP level 3. HP: 7/19 MP: 1/7
   845 | D:1      | Learned a level 3 spell: Confusing Touch
  1373 | D:2      | Reached XP level 4. HP: 18/24 MP: 3/8
  2508 | D:2      | Reached XP level 5. HP: 28/28 MP: 10/10
  2617 | D:2      | Found a runed translucent door.
  2617 | D:2      | Noticed Natasha
  2618 | D:2      | Noticed Crazy Yiuf
  2692 | D:2      | Found an iron altar of Okawaru.
  2692 | D:2      | Found a glowing silver altar of Zin.
  3167 | D:3      | Noticed a centaur
  3174 | D:3      | Slain by a centaur

Levels and vault maps discovered:
D:1:      ncdulo_wetmaze, layout_rooms
D:2:      kb_forest_paths, layout_rooms, gammafunk_temple_overflow_statue,
          solitary_fountain, minmay_lizard_pond, uniq_crazy_yiuf_cottage,
          uniq_natasha
D:3:      layout_basic, grunt_temple_overflow_open

Skill      XL: |  1  2  3  4  5 |
---------------+----------------+-----
Short Blades   | 2 3 4 |  4.2
Spellcasting   | 3 |  3.7
Dodging        | |  2.4
Stealth        | |  4.0
Hexes          | |  3.6

Action                   |  1- 3 |  4- 6 || total
-------------------------+-------+-------++-------
Melee: Dagger            |   147 |   125 ||   272
 Cast: Corona            |     8 |     4 ||    12
       Ensorcelled Hiber |     9 |    28 ||    37
  Use: Potion            |       |     2 ||     2
       Scroll            |       |     8 ||     8
 Stab: Sleeping          |    10 |    19 ||    29
  Eat: Chunk             |    11 |     7 ||    18
Armor: Robe              |    25 |    11 ||    36
Dodge: Dodged            |   133 |   101 ||   234

Table legend:
 A = Non-vault XP
 B = Vault XP
 C = Vault XP percentage of total XP
 D = Non-vault monster count
 E = Vault monster count
 F = Vault count percentage of total count
                 A         B        C        D         E       F
            +---------+---------+-------+---------+---------+-------
      Total |     167 |      39 |  18.9 |      58 |      11 |  15.9
            +---------+---------+-------+---------+---------+-------
        D:1 |      73 |       0 |   0.0 |      32 |       0 |   0.0
        D:2 |      78 |      39 |  33.3 |      23 |      11 |  32.4
        D:3 |      16 |       0 |   0.0 |       3 |       0 |   0.0
            +---------+---------+-------+---------+---------+-------
